 Dungeon Crawl Stone Soup version 0.18.1-48-g4cf74bf (webtiles) character file.

222 Inkary the Skirmisher (level 5, -7/48 HPs)
             Began as a Minotaur Chaos Knight on July 26, 2016.
             Killed by divine providence
             ... invoked by an orc priest
              (16 damage)
             ... on level 4 of the Dungeon.
             The game lasted 00:08:42 (2322 turns).

Inkary the Skirmisher (Minotaur Chaos Knight)       Turns: 2322, Time: 00:08:48

Health: -7/48      AC: 16    Str: 17    XL:     5   Next: 66%
Magic:  4/4        EV:  5    Int: 11    God:    Xom [*.....]
Gold:   190        SH:  0    Dex: 10    Spells: 0 memorised, 4 levels left

rFire  . . .     SeeInvis .     a - +1 mace (chaos)
rCold  . . .     Gourm    .     t - +0 plate armour
rNeg   . . .     Faith    .     (no shield)
rPois  .         Spirit   .     (helmet restricted)
rElec  .         Dismiss  .     k - +0 cloak
rCorr  .         Reflect  .     (no gloves)
SustAt .         Harm     .     (no boots)
MR     .....                    h - amulet of magic regeneration
Stlth  ..........               r - +3 ring of protection
                                q - +2 ring of intelligence

@: not resistant to hostile enchantments, extremely unstealthy
A: retaliatory headbutt, horns 2, subdued magic 1
a: Renounce Religion


You were on level 4 of the Dungeon.
You worshipped Xom.
You were a special plaything of Xom.
You were hungry.

You visited 1 branch of the dungeon, and saw 4 of its levels.

You collected 190 gold pieces.

Inventory:

Hand Weapons
 a - a +1 mace of chaos (weapon)
Armour
 b - a +2 leather armour
 k - a +0 cloak (worn)
 t - a +0 plate armour (worn)
Jewellery
 h - an amulet of magic regeneration (around neck)
 q - a +2 ring of intelligence (left hand)
 r - a +3 ring of protection (right hand)
Scrolls
 d - a scroll of enchant weapon
 e - 2 scrolls of remove curse
 g - 2 scrolls of identify
 l - 2 scrolls of blinking {unknown}
 m - a scroll of fear
 n - a scroll of teleportation {unknown}
 u - a scroll of immolation {unknown}
Potions
 i - a potion of degeneration {unknown}
 o - a potion of resistance
 p - a potion of cancellation
 s - a potion of flight {unknown}
Comestibles
 c - 2 bread rations
 f - a slice of pizza
 j - a beef jerky
 v - a chunk of flesh
 w - 2 fruits


   Skills:
 + Level 5.3 Fighting
 + Level 5.1 Maces & Flails
 + Level 4.7 Armour
 - Level 1.1 Dodging


You had 4 spell levels left.
You didn't know any spells.

Dungeon Overview and Level Annotations

Branches:
Dungeon (4/15)
 Temple: D:4-7

Altars:
Makhleb
Okawaru


Innate Abilities, Weirdness & Mutations

You reflexively headbutt those who attack you in melee.
You have a pair of horns on your head.
Your spells are a little easier to cast, but a little less powerful.


Message History

You closely miss the orc priest.
The orc priest is heavily wounded.
The orc priest hits you but does no damage.
An orc wizard comes into view. It is wielding a dagger.
You hit the orc priest.
You feel better.
Your headbutt misses the orc priest.
The orc priest is severely wounded.
An orc wizard comes into view.
It is wielding a dagger of electrocution.
You closely miss the orc priest. Your headbutt misses the orc priest.
The orc priest is severely wounded.
The orc priest hits you but does no damage.
The orc priest invokes the aid of Beogh against you.
Beogh smites you!
* * * LOW HITPOINT WARNING * * *
Xom makes a sudden noise!
You hear a distant "Zot"!
You hear a shout!
The adder bites you but does no damage.
The orc priest mumbles some strange prayers to Beogh against you.
Beogh smites you!
You die...
Xom howls with laughter!

## ..# .. ... ...
...##(......# ...#
...........# .
..##.#....#.#.##. ..
.....#......#...
...##.#...##..###.##
.....#..........<.#
#..###.#....##..# #
#..†.[.#.....@..#..##
....##†#...##..S....>...
.. ...#........o#.#..##
#.#...##.#..^..#.#.##
..........#.....#.# # #.
....#.#..##.#)#.# .
#.#.#........#.#..
#.........o.##.#
.........###)###+##


You could see an orc priest, an orc wizard and an adder.

Vanquished Creatures
  2 orc priests (D:4)
  A worker ant (D:3)
  A gnoll (D:2)
  4 adders
  An ooze (D:3)
  3 worms
  2 giant geckos (D:1)
  3 orcs
  9 bats
  A giant cockroach (D:3)
  9 goblins
  5 hobgoblins
  5 jackals
  3 quokkas
  8 giant newts
  12 kobolds
  9 rats
78 creatures vanquished.

Notes
Turn   | Place    | Note
--------------------------------------------------------------
     0 | D:1      | Inkary the Minotaur Chaos Knight began the quest for the Orb.
     0 | D:1      | Reached XP level 1. HP: 19/19 MP: 0/0
    27 | D:1      | XOM: divination: detect creatures
    64 | D:1      | XOM: harmless Erth miscast
   129 | D:1      | Reached XP level 2. HP: 27/27 MP: 1/1
   413 | D:1      | Reached XP level 3. HP: 34/34 MP: 2/2
   857 | D:2      | XOM: harmless Ice miscast
  1005 | D:2      | Found an iron altar of Okawaru.
  1007 | D:2      | XOM: harmless Pois miscast
  1009 | D:2      | Reached XP level 4. HP: 41/41 MP: 3/3
  1466 | D:3      | XOM: 3-stop teleportation journey
  1474 | D:3      | XOM: harmless Erth miscast
  1620 | D:3      | XOM: 4-stop teleportation journey
  1915 | D:3      | XOM is BORED!
  1915 | D:3      | XOM: give mutation
  1915 | D:3      | Gained mutation: Your spells are a little easier to cast, but a little less powerful. [Xom's mischief]
  1983 | D:3      | XOM: silly message
  1985 | D:3      | Reached skill level 5 in Fighting
  1985 | D:3      | Reached XP level 5. HP: 35/48 MP: 4/4
  1997 | D:3      | XOM: colour smoke trail
  2222 | D:3      | Found a burning altar of Makhleb.
  2290 | D:4      | Reached skill level 5 in Maces & Flails
  2291 | D:4      | XOM: blink monster(s)
  2293 | D:4      | XOM: 3-stop teleportation journey
  2322 | D:4      | XOM: noise
  2322 | D:4      | Killed from afar by an orc priest

Skill      XL: |  1  2  3  4  5 |
---------------+----------------+-----
Fighting       | 4 5 |  5.3
Armour         | 3 4 |  4.7
Maces & Flails | 4 5 |  5.1
Dodging        | |  1.1

Action                   |  1- 3 |  4- 6 || total
-------------------------+-------+-------++-------
Melee: Mace              |    87 |    74 ||   161
       Headbutt          |     6 |     4 ||    10
  Use: Scroll            |       |     4 ||     4
       Potion            |       |     2 ||     2
  Eat: Chunk             |       |     4 ||     4
Armor: Leather armour    |    35 |    16 ||    51
       Plate armour      |       |    32 ||    32
Dodge: Dodged            |    53 |    42 ||    95
